 Dungeon Crawl Stone Soup version 0.29.1-15-g9cfb28693d (webtiles) character file.

Game seed: 4571262553172361477

1558 Draugr the Covert (level 8, -7/46 HPs)
             Began as a Vampire Enchanter on Mar 10, 2023.
             Mangled by a wight
             ... wielding a +0 halberd
              (10 damage)
             ... on level 5 of the Dungeon.
             The game lasted 00:24:40 (6225 turns).

Draugr the Covert (Vampire Enchanter)               Turns: 6225, Time: 00:24:40

Health: -7/46      AC:  7    Str:  7    XL:     8   Next: 58%
Magic:  8/11       EV: 13    Int: 20    God:
Gold:   142        SH:  0    Dex: 14    Spells: 6/11 levels left

rFire   . . .      SeeInvis +   q - +0 dagger (venom)
rCold   + + .      Faith    .   (no shield)
rNeg    + + +      Spirit   .   d - +0 leather armour {Will+}
rPois   ∞          Reflect  .   n - +0 helmet
rElec   .          Harm     .   (no cloak)
rCorr   .          Rampage  .   (no gloves)
Will    +....                   h - +2 pair of boots {Stlth+}
Stlth   +++++++...              (no amulet)
HPRegen 0.00/turn               (no ring)
MPRegen 0.12/turn               (no ring)

@: confusing by touch, about to teleport, bloodless, inhibited regen
A: bloodless, fangs 3, see invisible, vampiric 2
a: Bat Form, Revivify


You were on level 5 of the Dungeon.
You visited 1 branch of the dungeon, and saw 5 of its levels.

You collected 142 gold pieces.

Inventory:

Hand Weapons
 a - a +1 dagger
 q - a +0 dagger of venom (weapon)
 y - a +0 short sword of protection
Armour
 b - a +0 robe
 d - a +0 leather armour of willpower (worn)
 h - a +2 pair of boots of stealth (worn)
 n - a +0 helmet (worn)
Jewellery
 l - a ring of ice
Wands
 c - a wand of iceblast (10)
Scrolls
 f - a scroll of vulnerability
 k - 4 scrolls of immolation
 t - a scroll of teleportation
 v - a scroll of enchant weapon {unknown}
 z - a scroll of fear
Potions
 e - 3 potions of brilliance {unknown}
 g - 2 potions of attraction
 i - 2 potions of curing {unknown}
 j - a potion of mutation {unknown}
 m - a potion of cancellation {unknown}
 o - 3 potions of ambrosia {unknown}
 p - a potion of lignification {unknown}
 u - a potion of heal wounds {unknown}
 w - a potion of might {unknown}
 x - a potion of haste


   Skills:
 - Level 3.1 Fighting
 - Level 4.3 Short Blades
 - Level 2.1 Armour
 + Level 5.1 Dodging
 - Level 10.8 Stealth
 - Level 2.0 Spellcasting
 - Level 6.9 Hexes
 - Level 2.0 Ice Magic


You had 6 spell levels left.
You knew the following spells:

 Your Spells              Type           Power      Damage    Failure   Level
a - Ensorcelled Hibernat  Hex/Ice        38%        N/A       5%          2
b - Confusing Touch       Hex            29%        N/A       4%          3

Your spell library contained the following spells:

 Spells                   Type           Power      Damage    Failure   Level
 Tukima's Dance           Hex            29%        N/A       4%          3
 Dazzling Flash           Conj/Hex       30%        N/A       17%         3
 Magic Dart               Conj           8%         1d3       22%         1
 Sting                    Tmut/Pois      8%         1d3       22%         1
 Poisonous Vapours        Pois/Air       4%         N/A       34%         2
 Searing Ray              Conj           4%         2d4       34%         2
 Fulminant Prism          Conj/Hex       7%         3d7       50%         4
 Gell's Gravitas          Tloc           2%         N/A       56%         3
 Teleport Other           Tloc           2%         N/A       56%         3
 Olgreb's Toxic Radiance  Pois           2%         N/A       92%         4
 Dispersal                Tloc           1%         N/A       100%        6


Dungeon Overview and Level Annotations

Branches:
Dungeon (5/15)
 Temple: D:4-7

Altars:
Cheibriados
Uskayaw
Yredelemnul

Shops:
D:5 *

Annotations:
D:4 1 runed translucent door, Crazy Yiuf


Innate Abilities, Weirdness & Mutations

You do not regenerate when monsters are visible.
You are frail without blood (-20% HP).
You can heal yourself when you bite living creatures.
You are immune to poison.
You have razor-sharp teeth.
You have supernaturally acute eyesight. (SInv)
You are afflicted with vampirism and can become a bat while bloodless.


Message History

You open the door.
A human zombie comes into view.
Found a basalt altar of Yredelemnul.
There is an open door here.
The helpless human zombie fails to defend itself.
You stick the human zombie like a pincushion!!!
You destroy the human zombie!
There is a basalt altar of Yredelemnul here.
There is an open door here.
You open the door.
A howler monkey zombie comes into view.
There is an open door here.
The helpless howler monkey zombie fails to defend itself.
You skewer the howler monkey zombie like a kebab!!!
You destroy the howler monkey zombie!
You open the door.
A water moccasin zombie comes into view.
There is an open door here.
The helpless water moccasin zombie fails to defend itself.
You spit the water moccasin zombie like a pig!!!
You destroy the water moccasin zombie!
Your Dodging skill increases to level 5!
You open the door.
A wight comes into view. It is wielding a +0 halberd.
The wight hits you from afar with a +0 halberd!
The wight hits you from afar with a +0 halberd.
Casting: Ensorcelled Hibernation (safe; 5% risk of failure)
Confirm with . or Enter, or press ? or * to list all spells.
Your hands begin to glow red.
The wight barely misses you. The wight barely misses you.
You barely miss the wight. Your bite misses the wight.
You hit the wight but do no damage. Your bite misses the wight.
The wight hits you with a +0 halberd!
You barely miss the wight. The wight hits you with a +0 halberd!
You hit the wight but do no damage. The wight hits you but does no damage.
As you read the scroll of teleportation, it crumbles to dust.
You feel strangely unstable. The wight hits you with a +0 halberd!
* * * LOW HITPOINT WARNING * * *
The wight hits you from afar with a +0 halberd!
You die...

#..)# #. #...# #.
#...#######.
#####...........
................ #.
###########.#####.##
##.### #.#_#)#)##8.# #...
.. ....##+#+#'#'#'#'###.#
#.##
#.###.#.##......@.....'..#
#.# #.
.....##+#+#z#'#'#'#####
#.# #. #...# #.#.#.#)# #.#
#. #...# ############ #.#
#.###...######.########.#
..#
..............[..<......#
##.####g######...########
#.# #)# ###.# ##g####.#
#.#


You could see a wight.

Vanquished Creatures
  Pikel (D:5)
  A black bear (D:4)
  An ogre (D:5)
  3 lemures (D:5)
  A phantom (D:5)
  A kobold brigand (D:4)
  A necrophage (D:4)
  A water moccasin zombie (D:5)
  3 wights (D:5)
  2 hounds
  3 orc priests
  A human zombie (D:5)
  Ijyb (D:3)
  An iguana (D:4)
  2 orc wizards
  A scorpion zombie (D:5)
  Terence (D:2)
  A howler monkey zombie (D:5)
  Robin (D:2)
  A gnoll (D:5)
  5 adders
  A worm (D:2)
  3 dart slugs
  11 orcs (D:4)
  5 ball pythons
  8 bats
  6 endoplasms
  5 giant cockroaches
  13 goblins
  14 hobgoblins
  2 jackals (D:2)
  9 quokkas
  2 frilled lizards
  8 kobolds
  3 rats
123 creatures vanquished.

Vanquished Creatures (others)
  An endoplasm (D:3)
1 creature vanquished.

Grand Total: 124 creatures vanquished

Notes
Turn   | Place    | Note
-------+----------+-------------------------------------------
     0 | D:1      | Draugr the Vampire Enchanter began the quest for the Orb.
     0 | D:1      | Reached XP level 1. HP: 13/13 MP: 3/3
   447 | D:1      | Reached XP level 2. HP: 8/16 MP: 5/5
   450 | D:1      | Learned a level 2 spell: Ensorcelled Hibernation
   656 | D:1      | Reached skill level 1 in Fighting
  1077 | D:1      | Reached skill level 1 in Ice Magic
  1323 | D:2      | Noticed Terence
  1326 | D:2      | Killed Terence
  1327 | D:2      | Reached skill level 1 in Armour
  1327 | D:2      | Gained mutation: You are afflicted with vampirism and can
                  | become a bat while bloodless. [Vampire growth]
  1327 | D:2      | Reached XP level 3. HP: 20/20 MP: 6/6
  1461 | D:2      | Reached XP level 4. HP: 22/25 MP: 7/7
  1538 | D:2      | Noticed Robin
  1749 | D:2      | Killed Robin
  2113 | D:2      | Learned a level 3 spell: Confusing Touch
  2433 | D:3      | Noticed Ijyb
  2595 | D:3      | Killed Ijyb
  2596 | D:3      | Reached skill level 5 in Hexes
  2596 | D:3      | Reached XP level 5. HP: 14/29 MP: 4/8
  2867 | D:3      | Found a snail-covered altar of Cheibriados.
  3180 | D:3      | Identified a scroll of acquirement
  3181 | D:3      | Acquired a +2 pair of boots of stealth
  3399 | D:3      | Found a hide-covered altar of Uskayaw.
  4258 | D:3      | Reached XP level 6. HP: 34/34 MP: 0/9
  4459 | D:4      | Found a runed translucent door.
  5259 | D:4      | Reached XP level 7. HP: 37/40 MP: 7/10
  5382 | D:4      | Noticed Crazy Yiuf
  5434 | D:4      | Reached skill level 5 in Stealth
  5597 | D:5      | Entered Level 5 of the Dungeon
  5621 | D:5      | Reached skill level 6 in Stealth
  5686 | D:5      | Found Tiryru's Overcharged Wands.
  5735 | D:5      | Reached skill level 7 in Stealth
  5751 | D:5      | Noticed Pikel
  5805 | D:5      | Killed Pikel
  5806 | D:5      | Reached skill level 10 in Stealth
  5806 | D:5      | Reached XP level 8. HP: 46/46 MP: 7/11
  6199 | D:5      | Found a basalt altar of Yredelemnul.
  6214 | D:5      | Reached skill level 5 in Dodging
  6225 | D:5      | Mangled by a wight

Illustrated notes

Levels and vault maps discovered:
D:1:      minmay_arrival_stone_box, layout_loops_ring
D:2:      layout_loops_corners, uniq_terence, uniq_robin
D:3:      layout_basic, lemuel_doored_altar, slow_altar_2, grunt_ministairs_10,
          uniq_ijyb
D:4:      layout_loops_cross, portal_sewer_entry_f, hangedman_decor_peaks_small,
          uniq_crazy_yiuf_cottage
D:5:      layout_loops_ring, xom_teletrap_fun,
          lemuel_mausoleum_altar_yredelemnul, minmay_temple_entry_trees,
          nicolae_shop_overcharged_wands, uniq_menkaure, uniq_pikel

Skill      XL: |  1  2  3  4  5  6  7  8 |
---------------+-------------------------+-----
Short Blades   | 2 4 |  4.3
Fighting       | 1 2 3 |  3.1
Ice Magic      | 1 2 |  2.0
Armour         | 1 2 |  2.1
Hexes          | 5 6 |  6.9
Stealth        | 10 | 10.8
Dodging        | 5 |  5.1
Spellcasting   | |  2.0

Action                   |  1- 3 |  4- 6 |  7- 9 || total
-------------------------+-------+-------+-------++-------
Melee: Dagger            |    73 |   183 |    85 ||   341
       Bite              |     4 |    13 |    12 ||    29
       Punch             |     1 |     3 |     1 ||     5
 Cast: Ensorcelled Hiber |     8 |    24 |    15 ||    47
       Confusing Touch   |       |     3 |     4 ||     7
 Abil: Exsanguinate      |     1 |       |       ||     1
  Use: Potion            |       |     3 |       ||     3
       Scroll            |       |     7 |     4 ||    11
 Stab: Sleeping          |    17 |    30 |    13 ||    60
       Invisible         |       |     4 |       ||     4
       Confused          |       |     3 |     4 ||     7
Armor: Leather armour    |    22 |    59 |    20 ||   101
Dodge: Dodged            |    34 |    81 |    39 ||   154
